CAROLINA vs ANAHEIM

Created - April-03-21 at 11:34

Goals
1 2 3 OT1 T
CAROLINA 0 2 2 1 5
ANAHEIM 0 2 2 0 4
Shots
1 2 3 OT1 T
CAROLINA 9 12 14 5 40
ANAHEIM 1 9 8 1 19

1st period

No Goal

Penalties :
No Penalty

2nd period

1. ANAHEIM , Andreas Athanasiou 12 (Jake McCabe 21, Evgeny Kuznetsov 21) at 2:15 (PP)
2. CAROLINA , Nicklas Backstrom 18 (Shea Weber 20, Brent Burns 48) at 8:16
3. ANAHEIM , Anton Stralman 4 (Evgeny Kuznetsov 22) at 8:24
4. CAROLINA , Adam Henrique 17 (Matt Benning 13, Sam Lafferty 8) at 14:57

Penalties :
Deryk Engelland (CAR) for Hooking (Minor) at 0:44, Zach Sanford (ANA) for Holding (Minor) at 4:54, Evgeny Kuznetsov (ANA) for High sticking (Minor) at 8:25

3rd period

5. ANAHEIM , Evgeny Kuznetsov 15 (Anton Stralman 22, Andreas Athanasiou 12) at 3:18 (PP)
6. ANAHEIM , Jason Zucker 12 (Patric Hornqvist 12, Connor McDavid 23) at 3:34
7. CAROLINA , Duncan Keith 9 (Deryk Engelland 12, Nicklas Backstrom 26) at 9:14 (PP)
8. CAROLINA , Kyle Clifford 4 (Adam Henrique 15, Sam Lafferty 9) at 11:25

Penalties :
Deryk Engelland (CAR) for Hooking (Minor) at 2:36, Jake McCabe (ANA) for Hooking (Minor) at 7:41, Jake McCabe (ANA) for Hooking (Minor) at 12:32, Patric Hornqvist (ANA) for Fighting (Major) at 15:02, Deryk Engelland (CAR) for Fighting (Major) at 15:02

Overtime #1

9. CAROLINA , Claude Giroux 11 (Brent Burns 49, Nicklas Backstrom 27) at 3:54

Penalties :
No Penalty

Goalie Stats

Samuel Montembeault (CAR), 15 saves from 19 shots - (0.789), W, 3-0-1, 63:55 minutes
Juuse Saros (ANA), 35 saves from 40 shots - (0.875), OTL, 4-4-2, 63:55 minutes

Players Stats for CAROLINA

Player Name              G  A  P  +/- PIM S  H  SB GA TA FO     MP     PP MP  PK MP  
------------------------------------------------------------------------------------
Adam Henrique            1  1  2   1  0   4  0  0  0  0  0/1    14:39   0:00   0:00 
Alexander Radulov        0  0  0   1  0   6  1  0  0  0  2/3    19:59   3:12   0:00 
Brent Burns              0  2  2   1  0   1  1  2  0  0  0/0    29:36   4:15   1:07 
Claude Giroux            1  0  1   0  0   4  0  0  0  0  9/12   26:58   4:18   1:50 
Cooper Marody            0  0  0   0  0   0  0  0  0  0  1/1     0:38   0:00   0:00 
Deryk Engelland          0  1  1  -1  9   1  0  1  0  0  0/0    16:45   3:15   0:00 
Dominik Kubalik          0  0  0   1  0   5  1  0  0  0  0/1    21:17   3:12   0:00 
Duncan Keith             1  0  1  -1  0   3  0  1  0  0  0/0    21:12   3:15   1:06 
Joel L'Esperance         0  0  0   0  0   0  1  0  0  0  0/0     5:32   0:00   0:00 
Kyle Clifford            1  0  1   1  0   1  3  0  0  0  0/0    14:39   0:00   0:00 
Matt Benning             0  1  1   2  0   1  1  1  0  0  0/0    15:17   0:00   0:00 
Matt Martin              0  0  0   0  0   0  1  0  0  0  0/0     5:32   0:00   0:00 
Nicklas Backstrom        1  2  3   2  0   2  1  0  0  0  18/22  22:59   3:12   0:23 
Patrice Bergeron         0  0  0  -1  0   5  0  0  0  0  25/37  20:45   4:18   1:50 
Sam Lafferty             0  2  2   1  0   2  0  0  0  0  10/18  14:39   0:00   0:00 
Shea Weber               0  1  1   0  0   2  1  4  0  0  0/0    26:44   4:15   1:07 
Simon Benoit             0  0  0   2  0   1  0  0  0  0  0/0    14:18   0:00   1:06 
Vladimir Tarasenko       0  0  0  -1  0   2  2  1  0  0  1/2    18:00   4:18   0:23 

Players Stats for ANAHEIM

Player Name              G  A  P  +/- PIM S  H  SB GA TA FO     MP     PP MP  PK MP  
------------------------------------------------------------------------------------
Andreas Athanasiou       1  1  2  -1  0   3  0  0  0  0  2/3    20:52   1:47   1:35 
Andrew Shaw              0  0  0   0  0   0  0  0  0  0  0/0     2:16   0:00   0:00 
Anton Stralman           1  1  2  -1  0   2  2  2  0  0  0/0    24:23   1:08   3:44 
Brendan Guhle            0  0  0  -1  0   0  1  0  0  0  0/0     5:38   0:00   0:00 
Caleb Jones              0  0  0   0  0   1  0  0  0  0  0/0    14:19   0:00   1:58 
Casey Nelson             0  0  0  -1  0   0  0  0  0  0  0/0     5:38   0:00   0:00 
Chris Wagner             0  0  0   0  0   0  0  0  0  0  1/5     2:24   0:00   0:09 
Connor McDavid           0  1  1   0  0   2  0  0  0  0  15/39  24:19   0:26   4:51 
Evgeny Kuznetsov         1  2  3  -1  2   4  1  0  0  0  8/28   23:00   1:47   3:11 
Jake McCabe              0  1  1   0  4   0  1  1  0  0  0/0    18:02   1:05   1:48 
Jason Zucker             1  0  1   0  0   1  3  0  0  0  0/2    20:14   0:26   2:10 
Joel Edmundson           0  0  0   0  0   1  2  2  0  0  0/0    21:59   1:08   3:44 
Michael Frolik           0  0  0  -1  0   1  1  1  0  0  0/4    18:34   0:00   0:54 
Mike Green               0  0  0   0  0   0  0  0  0  0  0/0    13:52   0:00   0:00 
Nate Thompson            0  0  0  -1  0   1  1  0  0  0  1/3    17:40   0:00   0:00 
Noah Juulsen             0  0  0   0  0   0  0  0  0  0  0/0     0:00   0:00   0:00 
Patric Hornqvist         0  1  1   0  5   1  3  0  0  0  0/0    15:47   0:26   0:00 
Pierre-Luc Dubois        0  0  0  -1  0   1  2  0  0  0  4/13   18:26   0:00   2:10 
Trevor van Riemsdyk      0  0  0   0  0   1  0  1  0  0  0/0    20:02   1:05   3:46 
Zach Sanford             0  0  0   0  2   0  3  0  0  0  0/0    16:45   1:47   0:00 

3 Stars

1 - Nicklas Backstrom (CAR)
2 - Adam Henrique (CAR)
3 - Kyle Clifford (CAR)

Power Play

CAROLINA - 1 on 4 Attempt(s) - 25.00%
ANAHEIM - 2 on 2 Attempt(s) - 100.00%

Penalty Kill

CAROLINA - 0 on 2 Attempt(s) - 0.00% - Score 0 goal in Penalty Kill
ANAHEIM - 3 on 4 Attempt(s) - 75.00% - Score 0 goal in Penalty Kill

Team Stat

CAROLINA - Hits : 13 - Faceoff Wins : 66 - Blocked Shots : 10 - Penalty Minutes : 9
ANAHEIM - Hits : 20 - Faceoff Wins : 31 - Blocked Shots : 7 - Penalty Minutes : 13

Official

Referees : Kevin Pollock and Kendrick Nicholson
Linesman : Kiel Murchison and Aaron Brown

Game Notes

Patric Hornqvist and Deryk Engelland fight to a draw at 15:02 of 3rd period

Finance

Level 1 -- Attendance: 5174 (86.23%) -- Ticket Income $460,486
Level 2 -- Attendance: 4985 (99.70%) -- Ticket Income $269,190
Level 3 -- Attendance: 1964 (98.20%) -- Ticket Income $54,992
Level 4 -- Attendance: 2873 (71.83%) -- Ticket Income $60,333
Luxury Box -- Attendance: 825 (82.50%) -- Ticket Income $153,450
Game was played at the Honda Center.
Total Attendance: 15821 (87.89%)
Total Ticket Income: $998,451
Total Income: $998,451

CAROLINA

5 vs 5 Forward 
   Center                   Left Wing                Right Wing               Time % Phy DF OF 
 1 Patrice Bergeron         Claude Giroux            Vladimir Tarasenko       35     1   2  2  
 2 Nicklas Backstrom        Dominik Kubalik          Alexander Radulov        30     1   2  2  
 3 Sam Lafferty             Kyle Clifford            Adam Henrique            25     1   2  2  
 4 Claude Giroux            Matt Martin              Joel L'Esperance         10     1   2  2  

5 vs 5 Defense 
   Defense                  Defense                                           Time % Phy DF OF 
 1 Brent Burns              Shea Weber                                        35     1   2  2  
 2 Duncan Keith             Deryk Engelland                                   30     1   2  2  
 3 Matt Benning             Simon Benoit                                      25     1   2  2  
 4 Brent Burns              Shea Weber                                        10     1   2  2  

PowerPlay Forward 
   Center                   Left Wing                Right Wing               Time % Phy DF OF 
 1 Patrice Bergeron         Claude Giroux            Vladimir Tarasenko       60     1   2  2  
 2 Nicklas Backstrom        Dominik Kubalik          Alexander Radulov        40     1   2  2  

PowerPlay Defense
   Defense                  Defense                                           Time % Phy DF OF 
 1 Brent Burns              Shea Weber                                        60     1   2  2  
 2 Duncan Keith             Deryk Engelland                                   40     1   2  2  

Penalty Kill 4 Players Forward 
   Center                   Wing                     Time % Phy DF OF 
 1 Claude Giroux            Patrice Bergeron         60     1   2  2  
 2 Nicklas Backstrom        Vladimir Tarasenko       40     1   2  2  

Penalty Kill 4 Players Defense
   Defense                  Defense                  Time % Phy DF OF 
 1 Brent Burns              Shea Weber               60     1   2  2  
 2 Duncan Keith             Deryk Engelland          40     1   2  2  

Penalty Kill - 3 Players Forward 
   Forward                                           Time % Phy DF OF 
 1 Claude Giroux                                     60     1   2  2  
 2 Patrice Bergeron                                  40     1   2  2  

Penalty Kill - 3 Players Defense
   Defense                  Defense                  Time % Phy DF OF 
 1 Brent Burns              Shea Weber               60     1   2  2  
 2 Duncan Keith             Deryk Engelland          40     1   2  2  

4 vs 4 Forward 
   Center                   Wing                     Time % Phy DF OF 
 1 Claude Giroux            Patrice Bergeron         60     1   2  2  
 2 Nicklas Backstrom        Vladimir Tarasenko       40     1   2  2  

4 vs 4 Defense
   Defense                  Defense                  Time % Phy DF OF 
 1 Brent Burns              Shea Weber               60     1   2  2  
 2 Duncan Keith             Deryk Engelland          40     1   2  2  

Last Minutes Offensive
   Center                   Left Wing                Right Wing               Defense                  Defense                  
   Patrice Bergeron         Claude Giroux            Vladimir Tarasenko       Brent Burns              Shea Weber               

Last Minutes Defensive
   Center                   Left Wing                Right Wing               Defense                  Defense                  
   Patrice Bergeron         Claude Giroux            Vladimir Tarasenko       Brent Burns              Shea Weber               

Goaltenders
Starting : Samuel Montembeault      
Backup : Sergei Bobrovsky         

Extra Forwards
Normal : Cooper Marody, Adam Henrique, Kyle Clifford - PP : Cooper Marody, Adam Henrique - PK : Kyle Clifford
Extra Defensemen
Normal : Matt Benning, Simon Benoit, Duncan Keith - PP : Matt Benning - PK : Simon Benoit, Duncan Keith
Penalty Shots
Claude Giroux, Patrice Bergeron, Nicklas Backstrom, Vladimir Tarasenko, Alexander Radulov

Scratches
CAR Cap Hit (Healthy)

ANAHEIM

5 vs 5 Forward 
   Center                   Left Wing                Right Wing               Time % Phy DF OF 
 1 Connor McDavid           Jason Zucker             Patric Hornqvist         35     1   2  2  
 2 Evgeny Kuznetsov         Andreas Athanasiou       Zach Sanford             30     1   2  2  
 3 Pierre-Luc Dubois        Michael Frolik           Nate Thompson            25     1   2  2  
 4 Nate Thompson            Connor McDavid           Evgeny Kuznetsov         10     1   2  2  

5 vs 5 Defense 
   Defense                  Defense                                           Time % Phy DF OF 
 1 Joel Edmundson           Anton Stralman                                    35     1   2  2  
 2 Jake McCabe              Trevor van Riemsdyk                               30     1   2  2  
 3 Caleb Jones              Mike Green                                        25     1   2  2  
 4 Brendan Guhle            Casey Nelson                                      10     1   2  2  

PowerPlay Forward 
   Center                   Left Wing                Right Wing               Time % Phy DF OF 
 1 Connor McDavid           Jason Zucker             Patric Hornqvist         60     1   2  2  
 2 Evgeny Kuznetsov         Andreas Athanasiou       Zach Sanford             40     1   2  2  

PowerPlay Defense
   Defense                  Defense                                           Time % Phy DF OF 
 1 Joel Edmundson           Anton Stralman                                    60     1   2  2  
 2 Jake McCabe              Trevor van Riemsdyk                               40     1   2  2  

Penalty Kill 4 Players Forward 
   Center                   Wing                     Time % Phy DF OF 
 1 Connor McDavid           Evgeny Kuznetsov         60     1   2  2  
 2 Pierre-Luc Dubois        Jason Zucker             40     1   2  2  

Penalty Kill 4 Players Defense
   Defense                  Defense                  Time % Phy DF OF 
 1 Joel Edmundson           Anton Stralman           60     1   2  2  
 2 Jake McCabe              Trevor van Riemsdyk      40     1   2  2  

Penalty Kill - 3 Players Forward 
   Forward                                           Time % Phy DF OF 
 1 Connor McDavid                                    60     1   2  2  
 2 Evgeny Kuznetsov                                  40     1   2  2  

Penalty Kill - 3 Players Defense
   Defense                  Defense                  Time % Phy DF OF 
 1 Joel Edmundson           Anton Stralman           60     1   2  2  
 2 Jake McCabe              Trevor van Riemsdyk      40     1   2  2  

4 vs 4 Forward 
   Center                   Wing                     Time % Phy DF OF 
 1 Connor McDavid           Evgeny Kuznetsov         60     1   2  2  
 2 Pierre-Luc Dubois        Jason Zucker             40     1   2  2  

4 vs 4 Defense
   Defense                  Defense                  Time % Phy DF OF 
 1 Joel Edmundson           Anton Stralman           60     1   2  2  
 2 Jake McCabe              Trevor van Riemsdyk      40     1   2  2  

Last Minutes Offensive
   Center                   Left Wing                Right Wing               Defense                  Defense                  
   Connor McDavid           Jason Zucker             Patric Hornqvist         Joel Edmundson           Anton Stralman           

Last Minutes Defensive
   Center                   Left Wing                Right Wing               Defense                  Defense                  
   Connor McDavid           Jason Zucker             Patric Hornqvist         Joel Edmundson           Anton Stralman           

Goaltenders
Starting : Juuse Saros              
Backup : Cam Talbot               

Extra Forwards
Normal : Andrew Shaw, Chris Wagner, Michael Frolik - PP : Andrew Shaw, Chris Wagner - PK : Michael Frolik
Extra Defensemen
Normal : Noah Juulsen, Caleb Jones, Mike Green - PP : Noah Juulsen - PK : Caleb Jones, Mike Green
Penalty Shots
Connor McDavid, Evgeny Kuznetsov, Pierre-Luc Dubois, Jason Zucker, Patric Hornqvist

Scratches
None


% Time on Ice - CAROLINA

Lines # - Real PCT - Wanted PCT - Time Play
Normal Forward
1 - 26% - 35% - 13:19
2 - 33% - 30% - 16:47
3 - 29% - 25% - 14:39
4 - 11% - 10% - 5:32
Normal Defense
1 - 35% - 35% - 17:45
2 - 31% - 30% - 15:48
3 - 26% - 25% - 13:07
4 - 7% - 10% - 3:37
PP Forward
1 - 57% - 60% - 4:18
2 - 43% - 40% - 3:12
PP Defense
1 - 57% - 60% - 4:15
2 - 43% - 40% - 3:15
PK Forward
1 - 83% - 60% - 1:50
2 - 17% - 40% - 0:23
PK Defense
1 - 50% - 60% - 1:07
2 - 50% - 40% - 1:06
PK3 Forward
1 - 0% - 60%
2 - 0% - 40%
PK3 Defense
1 - 0% - 60%
2 - 0% - 40%
44 Forward
1 - 0% - 60%
2 - 0% - 40%
44 Defense
1 - 0% - 60%
2 - 0% - 40%
Last Minute Offensive  - 0:00
Last Minute Defensive  - 0:00
Total
Forward - 60:00
Defense - 60:00

% Time on Ice - ANAHEIM

Lines # - Real PCT - Wanted PCT - Time Play
Normal Forward
1 - 35% - 35% - 17:38
2 - 30% - 30% - 14:59
3 - 32% - 25% - 16:16
4 - 3% - 10% - 1:24
Normal Defense
1 - 34% - 35% - 17:07
2 - 30% - 30% - 15:11
3 - 25% - 25% - 12:21
4 - 11% - 10% - 5:38
PP Forward
1 - 20% - 60% - 0:26
2 - 80% - 40% - 1:47
PP Defense
1 - 51% - 60% - 1:08
2 - 49% - 40% - 1:05
PK Forward
1 - 71% - 60% - 5:20
2 - 29% - 40% - 2:10
PK Defense
1 - 50% - 60% - 3:44
2 - 50% - 40% - 3:46
PK3 Forward
1 - 0% - 60%
2 - 0% - 40%
PK3 Defense
1 - 0% - 60%
2 - 0% - 40%
44 Forward
1 - 0% - 60%
2 - 0% - 40%
44 Defense
1 - 0% - 60%
2 - 0% - 40%
Last Minute Offensive  - 0:00
Last Minute Defensive  - 0:00
Total
Forward - 60:00
Defense - 60:00

Play-by-Play

1st period


0:01 of 1st period - Patrice Bergeron wins face-off versus Connor McDavid in neutral zone.
0:01 of 1st period - Patrice Bergeron is hit by Patric Hornqvist.
0:13 of 1st period - Patrice Bergeron is hit by Joel Edmundson.
0:19 of 1st period - Shot by Jason Zucker.
0:19 of 1st period - Shot Misses the Net.
0:37 of 1st period - Shot by Patrice Bergeron.
0:37 of 1st period - Stopped by Juuse Saros with a rebound.
0:39 of 1st period - Shot by Patrice Bergeron.
0:39 of 1st period - Shot Misses the Net.
0:41 of 1st period - Shot by Shea Weber.
0:41 of 1st period - Shot Misses the Net.
1:43 of 1st period - Shot by Sam Lafferty.
1:43 of 1st period - Shot Misses the Net.
1:54 of 1st period - Icing by Simon Benoit.
1:55 of 1st period - Sam Lafferty wins face-off versus Pierre-Luc Dubois in CAROLINA zone.
2:24 of 1st period - Shot by Pierre-Luc Dubois.
2:24 of 1st period - Shot Misses the Net.
2:29 of 1st period - Off-side.
2:30 of 1st period - Claude Giroux wins face-off versus Connor McDavid in neutral zone.
3:13 of 1st period - Matt Martin is hit by Patric Hornqvist and loses puck.
3:50 of 1st period - Shot by Dominik Kubalik.
3:50 of 1st period - Shot Misses the Net.
3:52 of 1st period - Shot by Duncan Keith.
3:52 of 1st period - Stopped by Juuse Saros without a rebound.
3:53 of 1st period - Sam Lafferty wins face-off versus Pierre-Luc Dubois in ANAHEIM zone.
4:09 of 1st period - Shot by Mike Green.
4:09 of 1st period - Shot Blocked by Matt Benning.
4:28 of 1st period - Nate Thompson is hit by Matt Benning and loses puck.
6:56 of 1st period - Icing by Nicklas Backstrom.
6:57 of 1st period - Nicklas Backstrom wins face-off versus Evgeny Kuznetsov in CAROLINA zone.
7:04 of 1st period - Shot by Deryk Engelland.
7:04 of 1st period - Stopped by Juuse Saros without a rebound.
7:05 of 1st period - Nicklas Backstrom wins face-off versus Nate Thompson in ANAHEIM zone.
7:33 of 1st period - Shot by Connor McDavid.
7:33 of 1st period - Stopped by Samuel Montembeault without a rebound.
7:34 of 1st period - Claude Giroux wins face-off versus Connor McDavid in CAROLINA zone.
7:39 of 1st period - Joel Edmundson is hit by Matt Martin and loses puck.
8:36 of 1st period - Shot by Andreas Athanasiou.
8:36 of 1st period - Shot Misses the Net.
8:38 of 1st period - Shot by Evgeny Kuznetsov.
8:38 of 1st period - Shot Misses the Net.
9:28 of 1st period - Jake McCabe is hit by Kyle Clifford.
9:36 of 1st period - Shot by Kyle Clifford.
9:36 of 1st period - Deflect By Adam Henrique.
9:36 of 1st period - Shot Blocked by Michael Frolik.
10:21 of 1st period - Icing by Jason Zucker.
10:22 of 1st period - Cooper Marody wins face-off versus Connor McDavid in ANAHEIM zone.
11:39 of 1st period - Shot by Andreas Athanasiou.
11:39 of 1st period - Shot Misses the Net.
11:59 of 1st period - Matt Benning is hit by Zach Sanford and loses puck.
13:01 of 1st period - Shot by Claude Giroux.
13:01 of 1st period - Stopped by Juuse Saros without a rebound.
13:02 of 1st period - Patrice Bergeron wins face-off versus Michael Frolik in ANAHEIM zone.
13:14 of 1st period - Shot by Pierre-Luc Dubois.
13:14 of 1st period - Shot Misses the Net.
13:44 of 1st period - Shot by Claude Giroux.
13:44 of 1st period - Shot Misses the Net.
14:08 of 1st period - Alexander Radulov is hit by Pierre-Luc Dubois and loses puck.
14:20 of 1st period - Icing by Nicklas Backstrom.
14:21 of 1st period - Alexander Radulov wins face-off versus Connor McDavid in CAROLINA zone.
14:36 of 1st period - Off-side.
14:37 of 1st period - Sam Lafferty wins face-off versus Connor McDavid in neutral zone.
14:45 of 1st period - Shot by Sam Lafferty.
14:45 of 1st period - Stopped by Juuse Saros with a rebound.
15:01 of 1st period - Shot by Sam Lafferty.
15:01 of 1st period - Deflect By Adam Henrique.
15:01 of 1st period - Shot Misses the Net.
15:03 of 1st period - Shot by Adam Henrique.
15:03 of 1st period - Shot Misses the Net.
17:15 of 1st period - Shot by Matt Benning.
17:15 of 1st period - Stopped by Juuse Saros with a rebound.
17:26 of 1st period - Icing by Michael Frolik.
17:27 of 1st period - Pierre-Luc Dubois wins face-off versus Patrice Bergeron in ANAHEIM zone.
17:27 of 1st period - Pierre-Luc Dubois is hit by Vladimir Tarasenko.
17:39 of 1st period - Shot by Claude Giroux.
17:39 of 1st period - Shot Misses the Net.
17:41 of 1st period - Shot by Brent Burns.
17:41 of 1st period - Deflect By Vladimir Tarasenko.
17:41 of 1st period - Shot Misses the Net.
17:45 of 1st period - Shot by Patrice Bergeron.
17:45 of 1st period - Deflect By Vladimir Tarasenko.
17:45 of 1st period - Stopped by Juuse Saros without a rebound.
17:46 of 1st period - Nicklas Backstrom wins face-off versus Evgeny Kuznetsov in ANAHEIM zone.
18:08 of 1st period - Shot by Nicklas Backstrom.
18:08 of 1st period - Stopped by Juuse Saros without a rebound.
18:09 of 1st period - Patrice Bergeron wins face-off versus Connor McDavid in ANAHEIM zone.
18:20 of 1st period - Shot by Patric Hornqvist.
18:20 of 1st period - Shot Blocked by Shea Weber.
18:31 of 1st period - Icing by Brent Burns.
18:32 of 1st period - Patrice Bergeron wins face-off versus Evgeny Kuznetsov in CAROLINA zone.
18:44 of 1st period - Off-side.
18:45 of 1st period - Connor McDavid wins face-off versus Nicklas Backstrom in neutral zone.
18:51 of 1st period - Off-side.
18:52 of 1st period - Nicklas Backstrom wins face-off versus Connor McDavid in neutral zone.
19:17 of 1st period - Duncan Keith is hit by Jason Zucker and loses puck.
19:58 of 1st period - Shot by Shea Weber.
19:58 of 1st period - Stopped by Juuse Saros without a rebound.
19:59 of 1st period - Andreas Athanasiou wins face-off versus Sam Lafferty in ANAHEIM zone.
19:59 of 1st period - Andreas Athanasiou is hit by Kyle Clifford.
Goals for this period are 0 for CAROLINA vs 0 for ANAHEIM.
Shots for this period are 9 for CAROLINA vs 1 for ANAHEIM.

2nd period


0:01 of 2nd period - Patrice Bergeron wins face-off versus Nate Thompson in neutral zone.
0:15 of 2nd period - Connor McDavid is hit by Brent Burns and loses puck.
0:24 of 2nd period - Shot by Caleb Jones.
0:24 of 2nd period - Stopped by Samuel Montembeault without a rebound.
0:25 of 2nd period - Nicklas Backstrom wins face-off versus Connor McDavid in CAROLINA zone.
0:42 of 2nd period - Shot by Connor McDavid.
0:42 of 2nd period - Shot Misses the Net.
0:44 of 2nd period - Shot by Patric Hornqvist.
0:44 of 2nd period - Stopped by Samuel Montembeault without a rebound.
0:44 of 2nd period - Minor Penalty to Deryk Engelland for Hooking.
0:45 of 2nd period - Claude Giroux wins face-off versus Evgeny Kuznetsov in CAROLINA zone.
1:10 of 2nd period - Shot by Jake McCabe.
1:10 of 2nd period - Shot Blocked by Shea Weber.
1:12 of 2nd period - Shot by Jake McCabe.
1:12 of 2nd period - Shot Blocked by Shea Weber.
1:14 of 2nd period - Shot by Trevor van Riemsdyk.
1:14 of 2nd period - Shot Misses the Net.
1:16 of 2nd period - Shot by Andreas Athanasiou.
1:16 of 2nd period - Stopped by Samuel Montembeault without a rebound.
1:17 of 2nd period - Claude Giroux wins face-off versus Connor McDavid in CAROLINA zone.
1:42 of 2nd period - Shot by Connor McDavid.
1:42 of 2nd period - Stopped by Samuel Montembeault without a rebound.
1:43 of 2nd period - Nicklas Backstrom wins face-off versus Evgeny Kuznetsov in CAROLINA zone.
1:43 of 2nd period - Nicklas Backstrom is hit by Evgeny Kuznetsov.
1:53 of 2nd period - Shot by Andreas Athanasiou.
1:53 of 2nd period - Deflect By Evgeny Kuznetsov.
1:53 of 2nd period - Stopped by Samuel Montembeault with a rebound.
2:15 of 2nd period - Shot by Andreas Athanasiou.
2:15 of 2nd period - Goal by Andreas Athanasiou - CAROLINA : 0 - ANAHEIM : 1.
2:16 of 2nd period - Connor McDavid wins face-off versus Sam Lafferty in neutral zone.
2:21 of 2nd period - Icing by Brent Burns.
2:22 of 2nd period - Connor McDavid wins face-off versus Sam Lafferty in CAROLINA zone.
2:29 of 2nd period - Shot by Connor McDavid.
2:29 of 2nd period - Shot Blocked by Brent Burns.
2:31 of 2nd period - Shot by Patric Hornqvist.
2:31 of 2nd period - Shot Misses the Net.
2:33 of 2nd period - Shot by Joel Edmundson.
2:33 of 2nd period - Stopped by Samuel Montembeault without a rebound.
2:34 of 2nd period - Nicklas Backstrom wins face-off versus Pierre-Luc Dubois in CAROLINA zone.
2:43 of 2nd period - Shot by Alexander Radulov.
2:43 of 2nd period - Stopped by Juuse Saros without a rebound.
2:44 of 2nd period - Patrice Bergeron wins face-off versus Evgeny Kuznetsov in ANAHEIM zone.
3:21 of 2nd period - Shot by Patrice Bergeron.
3:21 of 2nd period - Stopped by Juuse Saros without a rebound.
3:22 of 2nd period - Connor McDavid wins face-off versus Nicklas Backstrom in ANAHEIM zone.
3:22 of 2nd period - Connor McDavid is hit by Alexander Radulov.
3:49 of 2nd period - Shot by Patric Hornqvist.
3:49 of 2nd period - Shot Misses the Net.
4:04 of 2nd period - Off-side.
4:05 of 2nd period - Pierre-Luc Dubois wins face-off versus Sam Lafferty in neutral zone.
4:08 of 2nd period - Kyle Clifford is hit by Michael Frolik and loses puck.
4:43 of 2nd period - Shot by Pierre-Luc Dubois.
4:43 of 2nd period - Shot Misses the Net.
4:53 of 2nd period - Shot by Evgeny Kuznetsov.
4:53 of 2nd period - Stopped by Samuel Montembeault without a rebound.
4:54 of 2nd period - Patrice Bergeron wins face-off versus Evgeny Kuznetsov in CAROLINA zone.
4:54 of 2nd period - Minor Penalty to Zach Sanford for Holding.
4:55 of 2nd period - Connor McDavid wins face-off versus Patrice Bergeron in ANAHEIM zone.
5:54 of 2nd period - Shot by Shea Weber.
5:54 of 2nd period - Shot Misses the Net.
6:35 of 2nd period - Off-side.
6:36 of 2nd period - Connor McDavid wins face-off versus Patrice Bergeron in neutral zone.
7:54 of 2nd period - Shot by Alexander Radulov.
7:54 of 2nd period - Shot Misses the Net.
8:16 of 2nd period - Shot by Nicklas Backstrom.
8:16 of 2nd period - Goal by Nicklas Backstrom - CAROLINA : 1 - ANAHEIM : 1.
8:17 of 2nd period - Evgeny Kuznetsov wins face-off versus Patrice Bergeron in neutral zone.
8:22 of 2nd period - Shot by Evgeny Kuznetsov.
8:22 of 2nd period - Shot Blocked by Deryk Engelland.
8:24 of 2nd period - Shot by Anton Stralman.
8:24 of 2nd period - Goal by Anton Stralman - CAROLINA : 1 - ANAHEIM : 2.
8:25 of 2nd period - Patrice Bergeron wins face-off versus Evgeny Kuznetsov in neutral zone.
8:25 of 2nd period - Minor Penalty to Evgeny Kuznetsov for High sticking.
8:26 of 2nd period - Connor McDavid wins face-off versus Vladimir Tarasenko in ANAHEIM zone.
8:54 of 2nd period - Off-side.
8:55 of 2nd period - Nicklas Backstrom wins face-off versus Connor McDavid in neutral zone.
9:04 of 2nd period - Shot by Duncan Keith.
9:04 of 2nd period - Stopped by Juuse Saros without a rebound.
9:05 of 2nd period - Nicklas Backstrom wins face-off versus Connor McDavid in ANAHEIM zone.
9:18 of 2nd period - Icing by Shea Weber.
9:19 of 2nd period - Connor McDavid wins face-off versus Nicklas Backstrom in CAROLINA zone.
9:32 of 2nd period - Shot by Brent Burns.
9:32 of 2nd period - Stopped by Juuse Saros without a rebound.
9:33 of 2nd period - Patrice Bergeron wins face-off versus Michael Frolik in ANAHEIM zone.
9:50 of 2nd period - Connor McDavid is hit by Vladimir Tarasenko and loses puck.
10:10 of 2nd period - Shot by Duncan Keith.
10:10 of 2nd period - Shot Misses the Net.
10:12 of 2nd period - Shot by Deryk Engelland.
10:12 of 2nd period - Shot Blocked by Anton Stralman.
10:14 of 2nd period - Shot by Vladimir Tarasenko.
10:14 of 2nd period - Shot Misses the Net.
10:34 of 2nd period - Shot by Kyle Clifford.
10:34 of 2nd period - Shot Misses the Net.
10:36 of 2nd period - Shot by Simon Benoit.
10:36 of 2nd period - Stopped by Juuse Saros with a rebound.
10:54 of 2nd period - Shot by Adam Henrique.
10:54 of 2nd period - Stopped by Juuse Saros without a rebound.
10:55 of 2nd period - Nicklas Backstrom wins face-off versus Michael Frolik in ANAHEIM zone.
11:39 of 2nd period - Shea Weber is hit by Anton Stralman and loses puck.
11:50 of 2nd period - Shot by Evgeny Kuznetsov.
11:50 of 2nd period - Shot Blocked by Shea Weber.
11:52 of 2nd period - Shot by Evgeny Kuznetsov.
11:52 of 2nd period - Shot Misses the Net.
12:04 of 2nd period - Shot by Andreas Athanasiou.
12:04 of 2nd period - Shot Blocked by Brent Burns.
12:20 of 2nd period - Shot by Vladimir Tarasenko.
12:20 of 2nd period - Shot Misses the Net.
12:22 of 2nd period - Shot by Vladimir Tarasenko.
12:22 of 2nd period - Shot Blocked by Joel Edmundson.
12:41 of 2nd period - Icing by Joel Edmundson.
12:42 of 2nd period - Sam Lafferty wins face-off versus Evgeny Kuznetsov in ANAHEIM zone.
12:56 of 2nd period - Off-side.
12:57 of 2nd period - Connor McDavid wins face-off versus Claude Giroux in neutral zone.
13:00 of 2nd period - Matt Martin is hit by Jason Zucker.
13:28 of 2nd period - Deryk Engelland is hit by Jason Zucker and loses puck.
14:06 of 2nd period - Mike Green is hit by Kyle Clifford and loses puck.
14:18 of 2nd period - Icing by Mike Green.
14:19 of 2nd period - Nicklas Backstrom wins face-off versus Pierre-Luc Dubois in ANAHEIM zone.
14:33 of 2nd period - Shot by Alexander Radulov.
14:33 of 2nd period - Stopped by Juuse Saros without a rebound.
14:34 of 2nd period - Connor McDavid wins face-off versus Sam Lafferty in ANAHEIM zone.
14:39 of 2nd period - Simon Benoit is hit by Patric Hornqvist.
14:53 of 2nd period - Shot by Sam Lafferty.
14:53 of 2nd period - Stopped by Juuse Saros with a rebound.
14:57 of 2nd period - Shot by Adam Henrique.
14:57 of 2nd period - Goal by Adam Henrique - CAROLINA : 2 - ANAHEIM : 2.
14:58 of 2nd period - Nicklas Backstrom wins face-off versus Evgeny Kuznetsov in neutral zone.
14:58 of 2nd period - Alexander Radulov is hit by Zach Sanford and loses puck.
15:14 of 2nd period - Joel Edmundson is hit by Dominik Kubalik and loses puck.
15:45 of 2nd period - Alexander Radulov is hit by Nate Thompson and loses puck.
16:24 of 2nd period - Shot by Patrice Bergeron.
16:24 of 2nd period - Shot Blocked by Trevor van Riemsdyk.
17:44 of 2nd period - Shot by Shea Weber.
17:44 of 2nd period - Shot Blocked by Jake McCabe.
18:06 of 2nd period - Shot by Nicklas Backstrom.
18:06 of 2nd period - Shot Misses the Net.
18:08 of 2nd period - Shot by Alexander Radulov.
18:08 of 2nd period - Shot Hit the Post.
18:10 of 2nd period - Shot by Dominik Kubalik.
18:10 of 2nd period - Shot Misses the Net.
18:12 of 2nd period - Shot by Alexander Radulov.
18:12 of 2nd period - Stopped by Juuse Saros with a rebound.
18:22 of 2nd period - Shot by Dominik Kubalik.
18:22 of 2nd period - Stopped by Juuse Saros without a rebound.
18:23 of 2nd period - Connor McDavid wins face-off versus Sam Lafferty in ANAHEIM zone.
18:29 of 2nd period - Icing by Joel Edmundson.
18:30 of 2nd period - Patrice Bergeron wins face-off versus Connor McDavid in ANAHEIM zone.
18:56 of 2nd period - Shot by Connor McDavid.
18:56 of 2nd period - Shot Blocked by Vladimir Tarasenko.
18:59 of 2nd period - Icing by Matt Benning.
19:00 of 2nd period - Patrice Bergeron wins face-off versus Evgeny Kuznetsov in CAROLINA zone.
Goals for this period are 2 for CAROLINA vs 2 for ANAHEIM.
Shots for this period are 12 for CAROLINA vs 9 for ANAHEIM.

3rd period


0:01 of 3rd period - Connor McDavid wins face-off versus Patrice Bergeron in neutral zone.
1:19 of 3rd period - Off-side.
1:20 of 3rd period - Pierre-Luc Dubois wins face-off versus Alexander Radulov in neutral zone.
2:08 of 3rd period - Matt Benning is hit by Brendan Guhle and loses puck.
2:36 of 3rd period - Minor Penalty to Deryk Engelland for Hooking.
2:37 of 3rd period - Evgeny Kuznetsov wins face-off versus Patrice Bergeron in CAROLINA zone.
2:40 of 3rd period - Shot by Evgeny Kuznetsov.
2:40 of 3rd period - Stopped by Samuel Montembeault without a rebound.
2:41 of 3rd period - Claude Giroux wins face-off versus Evgeny Kuznetsov in CAROLINA zone.
2:52 of 3rd period - Shot by Anton Stralman.
2:52 of 3rd period - Stopped by Samuel Montembeault without a rebound.
2:53 of 3rd period - Claude Giroux wins face-off versus Evgeny Kuznetsov in CAROLINA zone.
3:02 of 3rd period - Shot by Patrice Bergeron.
3:02 of 3rd period - Shot Misses the Net.
3:16 of 3rd period - Shot by Anton Stralman.
3:16 of 3rd period - Shot Blocked by Duncan Keith.
3:18 of 3rd period - Shot by Anton Stralman.
3:18 of 3rd period - Deflect By Evgeny Kuznetsov.
3:18 of 3rd period - Goal by Evgeny Kuznetsov - CAROLINA : 2 - ANAHEIM : 3.
3:19 of 3rd period - Sam Lafferty wins face-off versus Connor McDavid in neutral zone.
3:32 of 3rd period - Shot by Patric Hornqvist.
3:32 of 3rd period - Shot Misses the Net.
3:34 of 3rd period - Shot by Jason Zucker.
3:34 of 3rd period - Goal by Jason Zucker - CAROLINA : 2 - ANAHEIM : 4.
3:35 of 3rd period - Nicklas Backstrom wins face-off versus Pierre-Luc Dubois in neutral zone.
3:40 of 3rd period - Icing by Jake McCabe.
3:41 of 3rd period - Patrice Bergeron wins face-off versus Pierre-Luc Dubois in ANAHEIM zone.
3:53 of 3rd period - Icing by Shea Weber.
3:54 of 3rd period - Evgeny Kuznetsov wins face-off versus Patrice Bergeron in CAROLINA zone.
4:00 of 3rd period - Icing by Patrice Bergeron.
4:01 of 3rd period - Patrice Bergeron wins face-off versus Evgeny Kuznetsov in CAROLINA zone.
4:01 of 3rd period - Patrice Bergeron is hit by Zach Sanford.
4:43 of 3rd period - Shot by Patrice Bergeron.
4:43 of 3rd period - Stopped by Juuse Saros without a rebound.
4:44 of 3rd period - Nicklas Backstrom wins face-off versus Connor McDavid in ANAHEIM zone.
4:57 of 3rd period - Shot by Alexander Radulov.
4:57 of 3rd period - Shot Misses the Net.
5:31 of 3rd period - Caleb Jones is hit by Nicklas Backstrom and loses puck.
5:37 of 3rd period - Off-side.
5:38 of 3rd period - Sam Lafferty wins face-off versus Pierre-Luc Dubois in neutral zone.
6:00 of 3rd period - Shot by Pierre-Luc Dubois.
6:00 of 3rd period - Stopped by Samuel Montembeault without a rebound.
6:01 of 3rd period - Patrice Bergeron wins face-off versus Andreas Athanasiou in CAROLINA zone.
7:12 of 3rd period - Shot by Adam Henrique.
7:12 of 3rd period - Stopped by Juuse Saros without a rebound.
7:13 of 3rd period - Nicklas Backstrom wins face-off versus Jason Zucker in ANAHEIM zone.
7:18 of 3rd period - Shot by Alexander Radulov.
7:18 of 3rd period - Stopped by Juuse Saros without a rebound.
7:19 of 3rd period - Nicklas Backstrom wins face-off versus Connor McDavid in ANAHEIM zone.
7:41 of 3rd period - Minor Penalty to Jake McCabe for Hooking.
7:42 of 3rd period - Patrice Bergeron wins face-off versus Connor McDavid in ANAHEIM zone.
7:43 of 3rd period - Shot by Shea Weber.
7:43 of 3rd period - Shot Misses the Net.
8:05 of 3rd period - Shot by Brent Burns.
8:05 of 3rd period - Shot Misses the Net.
8:21 of 3rd period - Icing by Brent Burns.
8:22 of 3rd period - Patrice Bergeron wins face-off versus Jason Zucker in CAROLINA zone.
9:06 of 3rd period - Shot by Duncan Keith.
9:06 of 3rd period - Shot Misses the Net.
9:08 of 3rd period - Shot by Alexander Radulov.
9:08 of 3rd period - Deflect By Nicklas Backstrom.
9:08 of 3rd period - Shot Misses the Net.
9:10 of 3rd period - Shot by Nicklas Backstrom.
9:10 of 3rd period - Shot Misses the Net.
9:12 of 3rd period - Shot by Deryk Engelland.
9:12 of 3rd period - Shot Misses the Net.
9:14 of 3rd period - Shot by Duncan Keith.
9:14 of 3rd period - Goal by Duncan Keith - CAROLINA : 3 - ANAHEIM : 4.
9:15 of 3rd period - Sam Lafferty wins face-off versus Michael Frolik in neutral zone.
10:05 of 3rd period - Pierre-Luc Dubois is hit by Joel L'Esperance and loses puck.
10:35 of 3rd period - Shot by Jason Zucker.
10:35 of 3rd period - Shot Misses the Net.
11:21 of 3rd period - Off-side.
11:22 of 3rd period - Sam Lafferty wins face-off versus Evgeny Kuznetsov in neutral zone.
11:25 of 3rd period - Shot by Kyle Clifford.
11:25 of 3rd period - Goal by Kyle Clifford - CAROLINA : 4 - ANAHEIM : 4.
11:26 of 3rd period - Andreas Athanasiou wins face-off versus Adam Henrique in neutral zone.
11:54 of 3rd period - Kyle Clifford is hit by Anton Stralman and loses puck.
12:21 of 3rd period - Shot by Alexander Radulov.
12:21 of 3rd period - Shot Blocked by Joel Edmundson.
12:28 of 3rd period - Nicklas Backstrom is hit by Joel Edmundson and loses puck.
12:31 of 3rd period - Shot by Alexander Radulov.
12:31 of 3rd period - Stopped by Juuse Saros without a rebound.
12:32 of 3rd period - Vladimir Tarasenko wins face-off versus Pierre-Luc Dubois in ANAHEIM zone.
12:32 of 3rd period - Minor Penalty to Jake McCabe for Hooking.
12:33 of 3rd period - Patrice Bergeron wins face-off versus Connor McDavid in ANAHEIM zone.
12:36 of 3rd period - Shot by Brent Burns.
12:36 of 3rd period - Deflect By Vladimir Tarasenko.
12:36 of 3rd period - Stopped by Juuse Saros without a rebound.
12:37 of 3rd period - Connor McDavid wins face-off versus Patrice Bergeron in ANAHEIM zone.
12:43 of 3rd period - Icing by Patrice Bergeron.
12:44 of 3rd period - Patrice Bergeron wins face-off versus Connor McDavid in CAROLINA zone.
12:55 of 3rd period - Shot by Patrice Bergeron.
12:55 of 3rd period - Stopped by Juuse Saros without a rebound.
12:56 of 3rd period - Alexander Radulov wins face-off versus Evgeny Kuznetsov in ANAHEIM zone.
13:09 of 3rd period - Shot by Shea Weber.
13:09 of 3rd period - Stopped by Juuse Saros with a rebound.
13:27 of 3rd period - Shot by Shea Weber.
13:27 of 3rd period - Shot Misses the Net.
13:29 of 3rd period - Shot by Brent Burns.
13:29 of 3rd period - Shot Blocked by Anton Stralman.
13:31 of 3rd period - Shot by Alexander Radulov.
13:31 of 3rd period - Stopped by Juuse Saros without a rebound.
13:32 of 3rd period - Connor McDavid wins face-off versus Patrice Bergeron in ANAHEIM zone.
14:01 of 3rd period - Shot by Claude Giroux.
14:01 of 3rd period - Stopped by Juuse Saros without a rebound.
14:02 of 3rd period - Pierre-Luc Dubois wins face-off versus Dominik Kubalik in ANAHEIM zone.
14:53 of 3rd period - Shot by Pierre-Luc Dubois.
14:53 of 3rd period - Shot Misses the Net.
14:55 of 3rd period - Shot by Nate Thompson.
14:55 of 3rd period - Stopped by Samuel Montembeault without a rebound.
14:56 of 3rd period - Patrice Bergeron wins face-off versus Connor McDavid in CAROLINA zone.
15:02 of 3rd period - Patric Hornqvist and Deryk Engelland fight to a draw.
15:02 of 3rd period - Penalty to Patric Hornqvist for Fighting.
15:02 of 3rd period - Penalty to Deryk Engelland for Fighting.
15:03 of 3rd period - Patrice Bergeron wins face-off versus Connor McDavid in CAROLINA zone.
15:05 of 3rd period - Icing by Brent Burns.
15:06 of 3rd period - Connor McDavid wins face-off versus Patrice Bergeron in CAROLINA zone.
16:31 of 3rd period - Icing by Jake McCabe.
16:32 of 3rd period - Sam Lafferty wins face-off versus Evgeny Kuznetsov in ANAHEIM zone.
16:36 of 3rd period - Icing by Trevor van Riemsdyk.
16:37 of 3rd period - Evgeny Kuznetsov wins face-off versus Sam Lafferty in ANAHEIM zone.
16:50 of 3rd period - Shot by Adam Henrique.
16:50 of 3rd period - Stopped by Juuse Saros without a rebound.
16:51 of 3rd period - Nicklas Backstrom wins face-off versus Connor McDavid in ANAHEIM zone.
17:44 of 3rd period - Shot by Patrice Bergeron.
17:44 of 3rd period - Shot Misses the Net.
18:02 of 3rd period - Shot by Claude Giroux.
18:02 of 3rd period - Stopped by Juuse Saros without a rebound.
18:03 of 3rd period - Evgeny Kuznetsov wins face-off versus Sam Lafferty in ANAHEIM zone.
18:22 of 3rd period - Shot by Evgeny Kuznetsov.
18:22 of 3rd period - Shot Misses the Net.
18:39 of 3rd period - Off-side.
18:40 of 3rd period - Patrice Bergeron wins face-off versus Pierre-Luc Dubois in neutral zone.
18:40 of 3rd period - Brent Burns is hit by Pierre-Luc Dubois and loses puck.
18:45 of 3rd period - Shot by Pierre-Luc Dubois.
18:45 of 3rd period - Deflect By Michael Frolik.
18:45 of 3rd period - Stopped by Samuel Montembeault without a rebound.
18:46 of 3rd period - Nate Thompson wins face-off versus Patrice Bergeron in CAROLINA zone.
19:02 of 3rd period - Pierre-Luc Dubois is hit by Shea Weber and loses puck.
19:13 of 3rd period - Shot by Patrice Bergeron.
19:13 of 3rd period - Stopped by Juuse Saros without a rebound.
19:14 of 3rd period - Evgeny Kuznetsov wins face-off versus Nicklas Backstrom in ANAHEIM zone.
19:34 of 3rd period - Off-side.
19:35 of 3rd period - Sam Lafferty wins face-off versus Connor McDavid in neutral zone.
19:37 of 3rd period - Brent Burns is hit by Jake McCabe and loses puck.
19:41 of 3rd period - Icing by Jake McCabe.
19:42 of 3rd period - Patrice Bergeron wins face-off versus Connor McDavid in ANAHEIM zone.
19:55 of 3rd period - Shot by Connor McDavid.
19:55 of 3rd period - Shot Misses the Net.
19:57 of 3rd period - Shot by Trevor van Riemsdyk.
19:57 of 3rd period - Stopped by Samuel Montembeault without a rebound.
19:58 of 3rd period - Nicklas Backstrom wins face-off versus Evgeny Kuznetsov in CAROLINA zone.
Goals for this period are 2 for CAROLINA vs 2 for ANAHEIM.
Shots for this period are 14 for CAROLINA vs 8 for ANAHEIM.

Overtime #1


0:01 of 1st overtime period - Claude Giroux wins face-off versus Chris Wagner in neutral zone.
0:32 of 1st overtime period - Shot by Chris Wagner.
0:32 of 1st overtime period - Deflect By Andreas Athanasiou.
0:32 of 1st overtime period - Stopped by Samuel Montembeault without a rebound.
0:33 of 1st overtime period - Chris Wagner wins face-off versus Claude Giroux in CAROLINA zone.
1:17 of 1st overtime period - Icing by Anton Stralman.
1:18 of 1st overtime period - Evgeny Kuznetsov wins face-off versus Patrice Bergeron in ANAHEIM zone.
1:40 of 1st overtime period - Shot by Evgeny Kuznetsov.
1:40 of 1st overtime period - Shot Misses the Net.
1:43 of 1st overtime period - Icing by Duncan Keith.
1:44 of 1st overtime period - Patrice Bergeron wins face-off versus Chris Wagner in CAROLINA zone.
1:54 of 1st overtime period - Shot by Dominik Kubalik.
1:54 of 1st overtime period - Stopped by Juuse Saros without a rebound.
1:55 of 1st overtime period - Claude Giroux wins face-off versus Chris Wagner in ANAHEIM zone.
2:42 of 1st overtime period - Shot by Patrice Bergeron.
2:42 of 1st overtime period - Deflect By Dominik Kubalik.
2:42 of 1st overtime period - Stopped by Juuse Saros without a rebound.
2:43 of 1st overtime period - Evgeny Kuznetsov wins face-off versus Claude Giroux in ANAHEIM zone.
3:18 of 1st overtime period - Icing by Mike Green.
3:19 of 1st overtime period - Patrice Bergeron wins face-off versus Evgeny Kuznetsov in ANAHEIM zone.
3:22 of 1st overtime period - Shot by Patrice Bergeron.
3:22 of 1st overtime period - Deflect By Dominik Kubalik.
3:22 of 1st overtime period - Stopped by Juuse Saros without a rebound.
3:23 of 1st overtime period - Patrice Bergeron wins face-off versus Chris Wagner in ANAHEIM zone.
3:24 of 1st overtime period - Shot by Dominik Kubalik.
3:24 of 1st overtime period - Deflect By Patrice Bergeron.
3:24 of 1st overtime period - Shot Misses the Net.
3:38 of 1st overtime period - Shot by Dominik Kubalik.
3:38 of 1st overtime period - Stopped by Juuse Saros without a rebound.
3:39 of 1st overtime period - Claude Giroux wins face-off versus Evgeny Kuznetsov in ANAHEIM zone.
3:50 of 1st overtime period - Shot by Claude Giroux.
3:50 of 1st overtime period - Shot Misses the Net.
3:54 of 1st overtime period - Shot by Claude Giroux.
3:54 of 1st overtime period - Goal by Claude Giroux - CAROLINA : 5 - ANAHEIM : 4.
Goals for this period are 1 for CAROLINA vs 0 for ANAHEIM.
Shots for this period are 5 for CAROLINA vs 1 for ANAHEIM.